 Dungeon Crawl Stone Soup version 0.28-a0-723-g095bd1b44f (webtiles) character file.

Game seed: 5647349543005188702

6 ytrimaz the Grave Robber (level 1, -2/13 HPs)
             Began as a Demonspawn Necromancer on Oct 25, 2021.
             Frozen to death by an endoplasm (5 damage)
             ... on level 1 of the Dungeon.
             The game lasted 00:00:28 (380 turns).

ytrimaz the Grave Robber (Demonspawn Necromancer)    Turns: 380, Time: 00:00:29

Health: -2/13      AC:  2    Str:  8    XL:     1   Next: 75%
Magic:  2/3        EV: 12    Int: 16    God:
Gold:   19         SH:  0    Dex: 13    Spells: 3/4 levels left

rFire   . . .      SeeInvis .   (no weapon)
rCold   . . .      Faith    .   (no shield)
rNeg    . . .      Spirit   .   a - +0 robe
rPois   .          Reflect  .   (no helmet)
rElec   .          Harm     .   (no cloak)
rCorr   .          Rampage  .   (no gloves)
Will    .....                   (no boots)
Stlth   ++........              (no amulet)
HPRegen 0.04/turn               (no ring)
MPRegen 0.08/turn               (no ring)

@: no status effects
A: no striking features
a: no special abilities


You were on level 1 of the Dungeon.
You visited 1 branch of the dungeon, and saw 1 of its levels.

You collected 19 gold pieces.

Inventory:

Armour
 a - a +0 robe (worn)
Scrolls
 b - a scroll of teleportation {unknown}


   Skills:
 - Level 1.7 Dodging
 - Level 1.7 Stealth
 + Level 2.0 Spellcasting
 + Level 4.7 Necromancy


You had 3 spell levels left.
You knew the following spells:

 Your Spells              Type           Power      Damage    Failure   Level
a - Pain                  Necr           64%        1d7       3%          1

Your spell library contained the following spells:

 Spells                   Type           Power      Damage    Failure   Level
 Animate Skeleton         Necr           32%        N/A       3%          1
 Vampiric Draining        Necr           8%         2d7       9%          3
 Animate Dead             Necr           8%         N/A       28%         4
 Agony                    Necr           16%        N/A       63%         5


Dungeon Overview and Level Annotations

Branches:
Dungeon (1/15)

Altars:


Message History

You are too depleted to draw on your mana recklessly!
The jackal bites you but does no damage.
The jackal barely misses you.
The jackal bites you but does no damage.
You see here 20 sling bullets.
Things that are here:
a +0 dagger; a kobold corpse The jackal barely misses you.
The jackal writhes in agony.
The jackal closely misses you. The jackal bites you. The jackal bites you.
You open the door. The jackal closely misses you.
The jackal bites you but does no damage.
There is an open door here.
The jackal stops to sniff the ground.
The jackal closely misses you.
A bat comes into view.
The jackal closely misses you.
Found a dagger.
The jackal closely misses you. The bat closely misses you.
The bat barely misses you. The bat closely misses you.
The bat barely misses you.
An endoplasm comes into view.
The bat hits you.
An endoplasm comes into view.
The bat hits you but does no damage. The bat misses you.
The endoplasm quivers.
You hit the endoplasm.
The endoplasm is moderately wounded.
The bat hits you. The bat barely misses you. The bat hits you.
The endoplasm barely misses you.
The endoplasm jiggles.
The bat hits you. The bat completely misses you. The endoplasm freezes you.
You are frozen.
* * * LOW HITPOINT WARNING * * *
A frilled lizard and a dart slug come into view.
The endoplasm freezes you.
You are frozen.
You die...

...... .# ######
####.# ...# ....##
##.###########...)
...##...........#
...##...........###
....'.........hh..#
..###.......hhb.b.#
..# ###########J@.#
h.# #w...J..# .##
#.....### .##
##'.._..# #.##
##.#...... ##.#
#h##...... #h##
##h##......
#.(###h(##.....
##..#..##


You could see a dart slug, 2 endoplasms, 4 jackals and 2 bats.

Vanquished Creatures
  A giant cockroach (D:1)
  A goblin (D:1)
  2 ball pythons (D:1)
  A frilled lizard (D:1)
  A kobold (D:1)
6 creatures vanquished.

Notes
Turn   | Place    | Note
-------+----------+-------------------------------------------
     0 | D:1      | ytrimaz the Demonspawn Necromancer began the quest for the
                  | Orb.
     0 | D:1      | Reached XP level 1. HP: 13/13 MP: 3/3
   341 | D:1      | Found a faded altar of an unknown god.
   380 | D:1      | Frozen to death by an endoplasm

Illustrated notes

Levels and vault maps discovered:
D:1:      dpeg_arrival_simpleton_a, layout_basic, basic_ecumenical_altar

Action                   || total
-------------------------++-------
Melee: Unarmed           ||     2
 Cast: Pain              ||    13
Armor: Robe              ||     5
Dodge: Dodged            ||    18

Table legend: (Time is in decaauts)
 A = Elapsed time spent in this place.
 B = Non-inter-level travel time spent in this place.
 C = Inter-level travel time spent in this place.
 D = Time resting spent in this place.
 E = Time spent auto-exploring this place.
 F = Levels seen in this place.
 G = Mean time per level.
                   A        B        C        D        E       F      G
               +--------+--------+--------+--------+--------+-----+--------+
         Total |    380 |    380 |      0 |      0 |    296 |   1 |  380.0 |
       Dungeon |    380 |    380 |      0 |      0 |    296 |   1 |  380.0 |
               +--------+--------+--------+--------+--------+-----+--------+

Top non-repeatable levels by time:
     D:1: 380 daAuts
